[Event "Charlotte Fall IM-C 2023"]
[Site "Charlotte"]
[Date "2023.11.17"]
[Round "1.1"]
[White "Guo, Ethan"]
[Black "Vemparala, Nikash"]
[Result "1/2-1/2"]
[ECO "C50"]
[WhiteElo "2026"]
[BlackElo "2257"]
[Annotator "ChessBase"]
[PlyCount "115"]
[EventDate "2023.11.17"]
[EventType "tourn"]
[EventCountry "USA"]
[SourceTitle "playchess.com"]
[Source "ChessBase"]
[SourceQuality "1"]
[TimeControl "5400+30"]

1. e4 e5 2. Nf3 Nc6 3. Bc4 Bc5 4. d3 Nf6 5. Nc3 d6 6. Na4 a6 7. Nxc5 dxc5 8. Be3 Qe7 9. a3 O-O 10. h3 b5 11. Ba2 Bb7 12. g4 Rad8 13. Qe2 Nd4 14. Nxd4 cxd4 15. Bd2 Nd7 16. h4 Kh8 17. h5 c5 18. g5 f5 19. f3 f4 20. Rg1 Rc8 21. Bb3 Qe8 22. h6 g6 23. a4 Nb6 24. axb5 axb5 25. Ra7 Qc6 26. Bd5 Nxd5 27. exd5 Qxd5 28. Qe4 Qxe4+ 29. fxe4 Rf7 30. Kf2 c4 31. Rga1 cxd3 32. cxd3 Kg8 33. Rc1 Rxc1 34. Bxc1 Rc7 35. Bd2 Kf7 36. Ba5 Rd7 37. Bb4 Ke6 38. Bc5 Rc7 39. b4 Kd7 40. Ra5 Kc6 41. Ra7 Rc8 42. Ra1 Ra8 43. Rxa8 Bxa8 44. Bf8 Bb7 45. Bg7 Kd6 46. Bf8+ Ke6 47. Kf3 Bc8 48. Kf2 Bd7 49. Kf3 Be8 50. Bg7 Bf7 51. Kf2 Kd6 52. Bf8+ Ke6 53. Bg7 Be8 54. Kf3 Bc6 55. Kf2 Bd7 56. Kf3 Be8 57. Kf2 Bf7 58. Kf3 1/2-1/2

[Event "Charlotte Fall IM-C 2023"]
[Site "Charlotte"]
[Date "2023.11.17"]
[Round "1.2"]
[White "Wang, Isaac"]
[Black "Lima, Darcy"]
[Result "1/2-1/2"]
[ECO "D20"]
[WhiteElo "2377"]
[BlackElo "2405"]
[Annotator "RC"]
[PlyCount "110"]
[EventDate "2023.11.17"]
[EventType "tourn"]
[EventCountry "USA"]
[SourceTitle "playchess.com"]
[Source "ChessBase"]
[SourceQuality "1"]
[TimeControl "5400+30"]

1. d4 d5 2. c4 dxc4 3. e4 c5 4. d5 Nf6 5. Nc3 e6 6. Bxc4 exd5 7. Nxd5 Nxd5 8. Bxd5 Be7 9. Nf3 O-O 10. O-O Qb6 11. Be3 Nc6 12. Qe2 Be6 13. Rfd1 Rfd8 14. Rac1 Nb4 15. Qc4 Bxd5 16. exd5 Qg6 17. a3 b5 18. Ne5 Qf5 19. Qxb5 Qxe5 20. axb4 cxb4 21. b3 h5 22. Qd3 Rd7 23. f4 Qf6 24. Rc6 Bd6 25. Rf1 Re8 26. Bd4 Qd8 27. Qf5 Bf8 28. d6 g6 29. Qg5 Qxg5 30. fxg5 Bxd6 31. Bxa7 Bxh2+ 32. Kxh2 Rxa7 33. Rc4 Re5 34. Rxb4 Rxg5 35. Rbf4 Ra2 36. R1f2 Rxf2 37. Rxf2 Rb5 38. Rb2 Rb4 39. Kg3 g5 40. Kf3 h4 41. Ke3 Kg7 42. Kd3 Kg6 43. Kc3 Rb8 44. b4 f5 45. b5 g4 46. Kd4 f4 47. Ke4 Kg5 48. b6 Re8+ 49. Kd3 f3 50. gxf3 g3 51. Rb4 Kh5 52. Rb5+ Kg6 53. Rb4 Kh5 54. Rb5+ Kg6 55. Rb4 Kh5 1/2-1/2

[Event "Charlotte Fall IM-C 2023"]
[Site "Charlotte"]
[Date "2023.11.17"]
[Round "1.3"]
[White "Fierro Baquero, Martha L."]
[Black "Martin Del Campo Cardenas, Roberto Abel"]
[Result "0-1"]
[ECO "A25"]
[WhiteElo "2306"]
[BlackElo "2212"]
[Annotator "RC"]
[PlyCount "112"]
[EventDate "2023.11.17"]
[EventType "tourn"]
[EventCountry "USA"]
[SourceTitle "playchess.com"]
[Source "ChessBase"]
[SourceQuality "1"]
[TimeControl "5400+30"]

1. g3 g6 2. Bg2 Bg7 3. c4 Nf6 4. Nc3 O-O 5. d3 d6 6. Rb1 a5 7. a3 e5 8. b4 axb4 9. axb4 Nc6 10. b5 Nd4 11. e3 Nf5 12. Nge2 Rb8 13. O-O b6 14. Bb2 Bb7 15. Nd5 Nxd5 16. cxd5 Ne7 17. Qb3 f5 18. f4 Rf7 19. e4 Bc8 20. Kh1 Bd7 21. fxe5 dxe5 22. d4 exd4 23. Nxd4 Qe8 24. Ne6 Bxb2 25. Rxb2 fxe4 26. Rxf7 Qxf7 27. Ng5 Qxd5 28. Nxe4 Qxb3 29. Rxb3 Rf8 30. Kg1 Kg7 31. Rc3 c5 32. bxc6 Bxc6 33. Ng5 Rf6 34. Re3 Nf5 35. Re5 Bxg2 36. Kxg2 Rc6 37. Re2 h6 38. Ne6+ Kf6 39. Nf4 Rd6 40. Rb2 g5 41. Ne2 Rc6 42. Rb5 Nd6 43. Rb4 b5 44. Kf3 Ke5 45. Ke3 Rc4 46. Rb1 Ra4 47. Nc3 Ra3 48. Kd2 Ne4+ 49. Nxe4 Kxe4 50. Rxb5 Ra2+ 51. Ke1 Rxh2 52. Rb3 Kf5 53. Kf1 Kg4 54. Kg1 Ra2 55. Rc3 Kh3 56. Rb3 Rg2+ 0-1

[Event "Charlotte Fall IM-C 2023"]
[Site "Charlotte"]
[Date "2023.11.17"]
[Round "1.4"]
[White "Graif, William"]
[Black "Bhagat Kush"]
[Result "*"]
[ECO "B76"]
[WhiteElo "2289"]
[BlackElo "2209"]
[Annotator "RC"]
[PlyCount "40"]
[EventDate "2023.11.17"]
[EventType "tourn"]
[EventCountry "USA"]
[SourceTitle "playchess.com"]
[Source "ChessBase"]
[SourceQuality "1"]
[TimeControl "5400+30"]

1. e4 c5 2. Nf3 d6 3. d4 cxd4 4. Nxd4 Nf6 5. Nc3 g6 6. Be3 Bg7 7. f3 O-O 8. Qd2 Nc6 9. O-O-O Nxd4 10. Bxd4 Be6 11. Kb1 Qc7 12. h4 Rfc8 13. h5 Qa5 14. hxg6 fxg6 15. a3 Rab8 16. Qe3 Bf7 17. Nb5 Ra8 18. g4 Qa4 19. Nc3 Qa5 20. g5 Ne8 *

[Event "Charlotte Fall IM-C 2023"]
[Site "Charlotte"]
[Date "2023.11.17"]
[Round "1.5"]
[White "Nandhakumar, Vaseegaran"]
[Black "Song, Ethan"]
[Result "1-0"]
[ECO "A07"]
[WhiteElo "2177"]
[BlackElo "2176"]
[Annotator "ChessBase"]
[PlyCount "129"]
[EventDate "2023.11.17"]
[EventType "tourn"]
[EventCountry "USA"]
[SourceTitle "playchess.com"]
[Source "ChessBase"]
[SourceQuality "1"]
[TimeControl "5400+30"]

1. Nf3 d5 2. g3 Nf6 3. Bg2 g6 4. O-O Bg7 5. d3 O-O 6. Nc3 d4 7. Na4 Nc6 8. c4 dxc3 9. Nxc3 e5 10. Qa4 Nd7 11. Bg5 Qe8 12. Qh4 f6 13. Bh6 Nb6 14. Bxg7 Kxg7 15. Qe4 Be6 16. Rac1 Rd8 17. Rfd1 Qf7 18. b3 Rfe8 19. Qe3 Nb4 20. Qc5 Na6 21. Qa3 c6 22. d4 exd4 23. Nxd4 Bc8 24. e3 Qf8 25. Qb2 Nc5 26. b4 Ne6 27. Ne4 Nxd4 28. Rxd4 Rxd4 29. Qxd4 Rd8 30. Qb2 Nd5 31. a3 Qe7 32. Nc3 Nxc3 33. Qxc3 Be6 34. h4 Bd5 35. e4 Bf7 36. Qe3 a6 37. Rc5 Rd6 38. Bh3 b6 39. Rc1 Qd8 40. Bg4 Rd3 41. Qf4 Rd6 42. Bf3 Re6 43. Bg4 Rd6 44. e5 fxe5 45. Qxe5+ Qf6 46. Qe3 Qd4 47. Qxd4+ Rxd4 48. Be2 Bd5 49. Bxa6 Bf3 50. Bb7 Rd6 51. b5 Rd7 52. Bxc6 Bxc6 53. bxc6 Rc7 54. g4 Kf7 55. Kf1 Ke7 56. Ke2 Kd8 57. f4 Ra7 58. Rc3 Ra5 59. Kf3 Kc7 60. Ke4 h5 61. f5 Ra4+ 62. Ke5 Rxg4 63. f6 Rg1 64. f7 Rf1 65. Ke6 1-0

[Event "Charlotte Fall IM-C 2023"]
[Site "Charlotte"]
[Date "2023.11.18"]
[Round "2.1"]
[White "Vemparala, Nikash"]
[Black "Song, Ethan"]
[Result "1-0"]
[ECO "C54"]
[WhiteElo "2257"]
[BlackElo "2176"]
[Annotator "ChessBase"]
[PlyCount "131"]
[EventDate "2023.11.17"]
[EventType "tourn"]
[EventCountry "USA"]
[SourceTitle "playchess.com"]
[Source "ChessBase"]
[SourceQuality "1"]
[TimeControl "5400+30"]

1. e4 e5 2. Nf3 Nc6 3. Bc4 Nf6 4. d3 Bc5 5. O-O h6 6. c3 d6 7. a4 a6 8. Nbd2 O-O 9. h3 Ba7 10. Re1 Be6 11. Bb3 Bxb3 12. Qxb3 Qd7 13. Nf1 Kh7 14. Be3 Bxe3 15. Nxe3 b6 16. Qc2 g6 17. Rad1 Rfe8 18. Nh2 Kg7 19. Rf1 Nh5 20. d4 Nf4 21. Rfe1 Qe7 22. Nf3 exd4 23. Nd5 d3 24. Rxd3 Nxd3 25. Nxe7 Nxe1 26. Nxe1 Rxe7 27. Nf3 Rd8 28. Qd3 a5 29. Qd5 Nb8 30. Nd4 Rde8 31. f3 Na6 32. Nc6 Re6 33. b4 axb4 34. cxb4 Nb8 35. a5 bxa5 36. bxa5 Nxc6 37. Qxc6 Rc8 38. a6 Ree8 39. a7 h5 40. h4 Kf6 41. Kf2 Kg7 42. Kg3 Kh6 43. Kf4 Kg7 44. g4 Kh6 45. gxh5 Kxh5 46. Kg3 Kh6 47. Kg4 Rf8 48. h5 gxh5+ 49. Kf5 Kh7 50. Kf6 Rg8 51. Qd5 Rg6+ 52. Ke7 c6 53. Qxh5+ Kg7 54. Kd7 Ra8 55. Qa5 Re6 56. Qb6 d5 57. Qd4+ Kh7 58. e5 Kg7 59. f4 Kg8 60. f5 Ree8 61. f6 Kh7 62. Qh4+ Kg6 63. Qg4+ Kh6 64. Qg7+ Kh5 65. Qxf7+ Kg4 66. Qxe8 1-0

[Event "Charlotte Fall IM-C 2023"]
[Site "Charlotte"]
[Date "2023.11.18"]
[Round "2.2"]
[White "Bhagat Kush"]
[Black "Nandhakumar, Vaseegaran"]
[Result "0-1"]
[ECO "E73"]
[WhiteElo "2209"]
[BlackElo "2177"]
[Annotator "ChessBase"]
[PlyCount "112"]
[EventDate "2023.11.17"]
[EventType "tourn"]
[EventCountry "USA"]
[SourceTitle "playchess.com"]
[Source "ChessBase"]
[SourceQuality "1"]
[TimeControl "5400+30"]

1. d4 g6 2. c4 Nf6 3. Nc3 Bg7 4. e4 d6 5. Be2 O-O 6. Be3 c5 7. d5 e6 8. Nf3 exd5 9. cxd5 Bg4 10. Nd2 Bxe2 11. Qxe2 Re8 12. O-O Nbd7 13. f4 b5 14. Nxb5 Nxe4 15. Qd3 Ndf6 16. Rfe1 Nxd2 17. Bxd2 Qb6 18. Kh1 Ng4 19. Rf1 c4 20. Qf3 Qxb5 21. Qxg4 Qxb2 22. Rad1 f5 23. Qf3 c3 24. Bc1 Qxa2 25. Rde1 c2 26. h4 Qc4 27. h5 a5 28. Qg3 Qc3 29. Qf2 a4 30. hxg6 hxg6 31. Re2 Bd4 32. Rxc2 Bxf2 33. Rxc3 Re1 34. Rxe1 Bxe1 35. Rh3 Rb8 36. Ba3 Rb1 37. Kh2 Bb4 38. Rf3 Kf7 39. g3 Bxa3 40. Rxa3 Rb4 41. Kh3 Kf6 42. Ra2 Rd4 43. Kg2 g5 44. Kf3 Rb4 45. Ra1 Rb3+ 46. Kf2 a3 47. Re1 a2 48. Ra1 Rb2+ 49. Ke3 Kg6 50. fxg5 Kxg5 51. Kf3 Rb3+ 52. Kf2 Ra3 53. Kg2 Kg4 54. Kh2 Ra4 55. Kg2 Ra5 56. Kf2 Ra3 0-1

[Event "Charlotte Fall IM-C 2023"]
[Site "Charlotte"]
[Date "2023.11.18"]
[Round "2.3"]
[White "Martin Del Campo Cardenas, Roberto Abel"]
[Black "Graif, William"]
[Result "0-1"]
[ECO "B31"]
[WhiteElo "2212"]
[BlackElo "2289"]
[Annotator "RC"]
[PlyCount "110"]
[EventDate "2023.11.17"]
[EventType "tourn"]
[EventCountry "USA"]
[SourceTitle "playchess.com"]
[Source "ChessBase"]
[SourceQuality "1"]
[TimeControl "5400+30"]

1. e4 c5 2. Nf3 Nc6 3. Bb5 g6 4. O-O Bg7 5. Re1 Nf6 6. e5 Nd5 7. Nc3 Nc7 8. Bxc6 dxc6 9. Ne4 Ne6 10. d3 h6 11. Be3 b6 12. Qd2 Qc7 13. Rab1 g5 14. h3 Bxe5 15. Nxe5 Qxe5 16. Qd1 Qf5 17. Qh5 Ng7 18. Qe2 Qg6 19. Bd2 O-O 20. a4 a5 21. Bc3 f6 22. Nd2 e5 23. Nc4 Rb8 24. Qe4 Qxe4 25. dxe4 Ne6 26. Red1 Nd4 27. Rd2 Be6 28. b3 h5 29. f3 Kf7 30. Kf2 Ke7 31. Rb2 g4 32. hxg4 hxg4 33. f4 exf4 34. Bxd4 cxd4 35. Rxd4 c5 36. Rd1 Rfd8 37. Rbb1 Rxd1 38. Rxd1 Bxc4 39. bxc4 Rd8 40. Rd5 Rd7 41. Ke2 Rd6 42. c3 Re6 43. Kd3 Re5 44. g3 fxg3 45. Ke3 Rxd5 46. exd5 f5 47. Ke2 f4 48. Kf1 f3 49. Kg1 Kf6 50. Kf1 Ke5 51. Kg1 g2 52. Kf2 Kf5 53. Kg1 Kf4 54. Kf2 g3+ 55. Kg1 Kg4 0-1

[Event "Charlotte Fall IM-C 2023"]
[Site "Charlotte"]
[Date "2023.11.18"]
[Round "2.4"]
[White "Lima, Darcy"]
[Black "Fierro Baquero, Martha L."]
[Result "1/2-1/2"]
[ECO "A73"]
[WhiteElo "2405"]
[BlackElo "2306"]
[Annotator "RC"]
[PlyCount "69"]
[EventDate "2023.11.17"]
[EventType "tourn"]
[EventCountry "USA"]
[SourceTitle "playchess.com"]
[Source "ChessBase"]
[SourceQuality "1"]
[TimeControl "5400+30"]

1. d4 g6 2. c4 Bg7 3. e4 d6 4. Be2 c5 5. d5 Nf6 6. Nc3 O-O 7. Nf3 e6 8. O-O exd5 9. cxd5 Bg4 10. h3 Bxf3 11. Bxf3 Na6 12. Bf4 Nc7 13. a4 Qe7 14. e5 Nfe8 15. exd6 Nxd6 16. Re1 Qd7 17. Qb3 b6 18. a5 Rab8 19. axb6 Rxb6 20. Qa4 Qd8 21. Bxd6 Qxd6 22. Ne4 Qd8 23. Nxc5 Rxb2 24. Nd7 Re8 25. Rxe8+ Qxe8 26. Rc1 Nb5 27. Nc5 Bh6 28. Rf1 Rxf2 29. Ne4 Rxf1+ 30. Kxf1 Qb8 31. Nf6+ Kh8 32. Nd7 Qc7 33. Qxb5 Qc1+ 34. Ke2 Qe3+ 35. Kf1 1/2-1/2

[Event "Charlotte Fall IM-C 2023"]
[Site "Charlotte"]
[Date "2023.11.18"]
[Round "2.5"]
[White "Guo, Ethan"]
[Black "Wang, Isaac"]
[Result "0-1"]
[ECO "B41"]
[WhiteElo "2026"]
[BlackElo "2377"]
[Annotator "RC"]
[PlyCount "94"]
[EventDate "2023.11.17"]
[EventType "tourn"]
[EventCountry "USA"]
[SourceTitle "playchess.com"]
[Source "ChessBase"]
[SourceQuality "1"]
[TimeControl "5400+30"]

1. e4 c5 2. Nf3 e6 3. d4 cxd4 4. Nxd4 a6 5. g3 Nf6 6. Bg2 d6 7. O-O Bd7 8. Be3 Nc6 9. a4 h5 10. h3 Be7 11. Nc3 Ne5 12. b3 Rc8 13. Nce2 d5 14. exd5 Nxd5 15. Bd2 Nc6 16. Nxc6 Bxc6 17. Nd4 Bf6 18. Nxc6 bxc6 19. Rb1 h4 20. g4 O-O 21. Qe2 a5 22. Qe1 Ra8 23. c4 Ne7 24. Rd1 Qb6 25. Qe3 Bd4 26. Qe4 c5 27. Bg5 Ng6 28. Qc2 Rab8 29. Rb1 Qc7 30. Qe4 Rb6 31. Bd2 Rd6 32. Qb7 Qd8 33. Qb5 Bxf2+ 34. Rxf2 Rxd2 35. Qxc5 Qd3 36. Rb2 Rxb2 37. Rxb2 Nf4 38. Qe5 Qd1+ 39. Kh2 Nd3 40. Qc3 Nxb2 41. Qxb2 Rd8 42. Qc3 Rd2 43. Qxa5 Qe2 44. Qa8+ Kh7 45. g5 Qe3 46. g6+ fxg6 47. Qb8 Qf3 0-1

[Event "Charlotte Fall IM-C 2023"]
[Site "Charlotte"]
[Date "2023.11.18"]
[Round "3.1"]
[White "Wang, Isaac"]
[Black "Vemparala, Nikash"]
[Result "1/2-1/2"]
[ECO "D37"]
[WhiteElo "2377"]
[BlackElo "2257"]
[Annotator "RC"]
[PlyCount "64"]
[EventDate "2023.11.17"]
[EventType "tourn"]
[EventCountry "USA"]
[SourceTitle "playchess.com"]
[Source "ChessBase"]
[SourceQuality "1"]
[TimeControl "5400+30"]

1. d4 d5 2. c4 e6 3. Nc3 h6 4. Nf3 Nf6 5. g3 Nc6 6. Bg2 Bd6 7. O-O O-O 8. b3 Re8 9. Rb1 b6 10. Bb2 Bb7 11. Rc1 dxc4 12. bxc4 Na5 13. Qd3 c5 14. Rfd1 cxd4 15. Qxd4 Bc5 16. Qf4 Qe7 17. Na4 Ba3 18. Bxa3 Qxa3 19. Nc3 Qc5 20. Ne5 Bxg2 21. Kxg2 Rad8 22. Nb5 Rxd1 23. Rxd1 Nxc4 24. Qxc4 Qxe5 25. Nxa7 Ra8 26. Nb5 Qe4+ 27. Qxe4 Nxe4 28. a3 Ra5 29. Rb1 Kf8 30. Rb4 Nc5 31. Nd6 Rxa3 32. Rxb6 Ke7 1/2-1/2

[Event "Charlotte Fall IM-C 2023"]
[Site "Charlotte"]
[Date "2023.11.18"]
[Round "3.2"]
[White "Fierro Baquero, Martha L."]
[Black "Guo, Ethan"]
[Result "1/2-1/2"]
[ECO "B13"]
[WhiteElo "2306"]
[BlackElo "2026"]
[Annotator "RC"]
[PlyCount "69"]
[EventDate "2023.11.17"]
[EventType "tourn"]
[EventCountry "USA"]
[SourceTitle "playchess.com"]
[Source "ChessBase"]
[SourceQuality "1"]
[TimeControl "5400+30"]

1. c4 c6 2. e4 d5 3. exd5 cxd5 4. d4 Nf6 5. Nc3 Nc6 6. Nf3 Bg4 7. cxd5 Nxd5 8. Qb3 Bxf3 9. gxf3 e6 10. Qxb7 Nxd4 11. Bb5+ Nxb5 12. Qc6+ Ke7 13. Qxb5 Nxc3 14. bxc3 Qd7 15. c4 a6 16. Qb3 f6 17. Be3 Kf7 18. Rb1 Be7 19. Ke2 Rab8 20. Qc2 Qc6 21. Rb3 a5 22. Rhb1 Rbc8 23. c5 Qa6+ 24. Ke1 Qc6 25. Ke2 Qa6+ 26. Qd3 Qxd3+ 27. Rxd3 Bxc5 28. Rd7+ Kg6 29. Rg1+ Kf5 30. Rgxg7 Bxe3 31. fxe3 Rc2+ 32. Rd2 Rxd2+ 33. Kxd2 Rd8+ 34. Ke2 Rb8 35. Rxh7 1/2-1/2

[Event "Charlotte Fall IM-C 2023"]
[Site "Charlotte"]
[Date "2023.11.18"]
[Round "3.3"]
[White "Graif, William"]
[Black "Lima, Darcy"]
[Result "1-0"]
[ECO "C64"]
[WhiteElo "2289"]
[BlackElo "2405"]
[Annotator "RC"]
[PlyCount "41"]
[EventDate "2023.11.17"]
[EventType "tourn"]
[EventCountry "USA"]
[SourceTitle "playchess.com"]
[Source "ChessBase"]
[SourceQuality "1"]
[TimeControl "5400+30"]

1. e4 e5 2. Nf3 Nc6 3. Bb5 Bc5 4. c3 Nf6 5. d4 Bb6 6. Nxe5 Nxe5 7. dxe5 Nxe4 8. Qg4 Bxf2+ 9. Ke2 Qh4 10. Qxg7 Rf8 11. Bh6 Bc5 12. Nd2 Qf2+ 13. Kd1 Nxd2 14. Bxd2 Qf5 15. Bh6 c6 16. Rf1 Qe4 17. Rf4 Qe3 18. Rf3 Qg1+ 19. Rf1 Qxh2 20. Kd2 Qh4 21. Bg5 1-0

[Event "Charlotte Fall IM-C 2023"]
[Site "Charlotte"]
[Date "2023.11.18"]
[Round "3.4"]
[White "Nandhakumar, Vaseegaran"]
[Black "Martin Del Campo Cardenas, Roberto Abel"]
[Result "1/2-1/2"]
[ECO "A01"]
[WhiteElo "2177"]
[BlackElo "2212"]
[Annotator "RC"]
[PlyCount "55"]
[EventDate "2023.11.17"]
[EventType "tourn"]
[EventCountry "USA"]
[SourceTitle "playchess.com"]
[Source "ChessBase"]
[SourceQuality "1"]
[TimeControl "5400+30"]

1. b3 e5 2. Bb2 Nc6 3. c4 Nf6 4. e3 Be7 5. Nf3 e4 6. Nd4 Nxd4 7. Bxd4 O-O 8. g4 d5 9. g5 Ne8 10. cxd5 Bxg5 11. Nc3 Bf6 12. Bc5 Be7 13. Bxe7 Qxe7 14. Qc2 Bf5 15. d3 Nf6 16. dxe4 Nxe4 17. Bd3 Qb4 18. Rc1 Rfe8 19. O-O Qxc3 20. Qxc3 Nxc3 21. Rxc3 Bxd3 22. Rxd3 Rad8 23. Rc3 Re7 24. Rfc1 Rxd5 25. Rxc7 Kf8 26. Rc8+ Re8 27. R8c7 Re7 28. Rc8+ 1/2-1/2

[Event "Charlotte Fall IM-C 2023"]
[Site "Charlotte"]
[Date "2023.11.18"]
[Round "3.5"]
[White "Song, Ethan"]
[Black "Bhagat Kush"]
[Result "1/2-1/2"]
[ECO "B56"]
[WhiteElo "2176"]
[BlackElo "2209"]
[Annotator "RC"]
[PlyCount "47"]
[EventDate "2023.11.17"]
[EventType "tourn"]
[EventCountry "USA"]
[SourceTitle "playchess.com"]
[Source "ChessBase"]
[SourceQuality "1"]
[TimeControl "5400+30"]

1. e4 c5 2. Nf3 d6 3. d4 cxd4 4. Nxd4 Nf6 5. Nc3 Nc6 6. f3 e5 7. Nb3 Be6 8. Nd5 Be7 9. Be3 O-O 10. c4 Rc8 11. Qd2 Nd7 12. Be2 Nc5 13. O-O Bxd5 14. exd5 Nxb3 15. axb3 Nd4 16. Rxa7 Qb6 17. Ra3 Ra8 18. Kh1 Rxa3 19. bxa3 Qxb3 20. Bxd4 exd4 21. Qxd4 Qxa3 22. Qb6 Bf6 23. f4 Qb2 24. Qxb2 1/2-1/2

[Event "Charlotte Fall IM-C 2023"]
[Site "Charlotte"]
[Date "2023.11.19"]
[Round "4.1"]
[White "Vemparala, Nikash"]
[Black "Bhagat Kush"]
[Result "0-1"]
[ECO "B56"]
[WhiteElo "2257"]
[BlackElo "2209"]
[Annotator "RC"]
[PlyCount "114"]
[EventDate "2023.11.17"]
[EventType "tourn"]
[EventCountry "USA"]
[SourceTitle "playchess.com"]
[Source "ChessBase"]
[SourceQuality "1"]
[TimeControl "5400+30"]

1. e4 c5 2. Nf3 d6 3. d4 cxd4 4. Nxd4 Nf6 5. Nc3 Nc6 6. f3 e5 7. Nb3 Be6 8. Nd5 Be7 9. Be3 O-O 10. Qd2 a5 11. Nb6 a4 12. Nxa8 Qxa8 13. Nc1 a3 14. c3 d5 15. Qc2 Rc8 16. Bd3 d4 17. Bd2 Qa7 18. c4 Nb4 19. Qb1 Bxc4 20. b3 Bxd3 21. Nxd3 Nc2+ 22. Ke2 Nxa1 23. Qxa1 Qa6 24. Rc1 Rc6 25. Qb1 Nd7 26. b4 Nb6 27. b5 Rxc1 28. Bxc1 Qa4 29. Nxe5 Nc4 30. Nd3 Nd6 31. Bd2 Qxb5 32. Qxb5 Nxb5 33. Nb4 Bd6 34. h3 Nc3+ 35. Bxc3 dxc3 36. Nd5 b5 37. Kd3 b4 38. Kc2 f6 39. f4 Kf7 40. f5 h5 41. g4 hxg4 42. hxg4 Kg8 43. Ne3 Kh7 44. g5 fxg5 45. Ng4 Kg8 46. Kb3 Kf7 47. Kc2 Ke7 48. Kb3 Bf4 49. Nf2 Be3 50. Nd3 g4 51. Nxb4 Bd2 52. e5 g3 53. Nd5+ Kd8 54. e6 g2 55. e7+ Ke8 56. f6 gxf6 57. Nxf6+ Kxe7 0-1

[Event "Charlotte Fall IM-C 2023"]
[Site "Charlotte"]
[Date "2023.11.19"]
[Round "4.3"]
[White "Lima, Darcy"]
[Black "Nandhakumar, Vaseegaran"]
[Result "1-0"]
[ECO "E63"]
[WhiteElo "2405"]
[BlackElo "2177"]
[Annotator "RC"]
[PlyCount "71"]
[EventDate "2023.11.17"]
[EventType "tourn"]
[EventCountry "USA"]
[SourceTitle "playchess.com"]
[Source "ChessBase"]
[SourceQuality "1"]
[TimeControl "5400+30"]

1. d4 g6 2. c4 Bg7 3. g3 Nf6 4. Bg2 O-O 5. Nc3 d6 6. h3 Nc6 7. Nf3 a6 8. e4 Rb8 9. O-O b5 10. d5 Na5 11. cxb5 axb5 12. b4 Nc4 13. Nd4 Bd7 14. a4 bxa4 15. b5 Nb6 16. Qd3 e6 17. Be3 exd5 18. exd5 Ra8 19. Nc6 Bxc6 20. bxc6 Ne8 21. Ra2 Bxc3 22. Qxc3 f5 23. Rb1 Rf7 24. Rb5 g5 25. Qb4 f4 26. Bxb6 cxb6 27. Rxb6 Qe7 28. Kh2 h5 29. Rxa4 Rxa4 30. Qxa4 f3 31. Bf1 Nf6 32. Qd4 h4 33. gxh4 gxh4 34. Rb8+ Kg7 35. Bd3 Qe5+ 36. Qxe5 1-0

[Event "Charlotte Fall IM-C 2023"]
[Site "Charlotte"]
[Date "2023.11.19"]
[Round "4.4"]
[White "Guo, Ethan"]
[Black "Graif, William"]
[Result "0-1"]
[ECO "C06"]
[WhiteElo "2026"]
[BlackElo "2289"]
[Annotator "RC"]
[PlyCount "84"]
[EventDate "2023.11.17"]
[EventType "tourn"]
[EventCountry "USA"]
[SourceTitle "playchess.com"]
[Source "ChessBase"]
[SourceQuality "1"]
[TimeControl "5400+30"]

1. e4 e6 2. d4 d5 3. Nd2 Nc6 4. Ngf3 Nf6 5. e5 Nd7 6. Bd3 Nb4 7. Be2 c5 8. c3 Nc6 9. Bd3 Qb6 10. O-O cxd4 11. cxd4 Nxd4 12. Nxd4 Qxd4 13. Nf3 Qb6 14. a3 Nc5 15. Bc2 Bd7 16. b4 Ne4 17. Be3 Qa6 18. Nd4 Rc8 19. Bd3 b5 20. Rc1 Rxc1 21. Qxc1 f6 22. f3 Ng5 23. f4 Nf7 24. f5 Nxe5 25. Bxb5 Bxb5 26. Nxb5 Qc6 27. Qxc6+ Nxc6 28. Nc7+ Kd7 29. Nxe6 a5 30. b5 Ne5 31. Rd1 Bxa3 32. Rxd5+ Ke7 33. b6 Nc4 34. Bf4 a4 35. Nd8 Rxd8 36. Rxd8 Kxd8 37. b7 Bc5+ 38. Kf1 Ba7 39. b8=Q+ Bxb8 40. Bxb8 a3 41. Ba7 Nd2+ 42. Ke2 Nb3 0-1

[Event "Charlotte Fall IM-C 2023"]
[Site "Charlotte"]
[Date "2023.11.19"]
[Round "4.5"]
[White "Wang, Isaac"]
[Black "Fierro Baquero, Martha L."]
[Result "1/2-1/2"]
[ECO "A56"]
[WhiteElo "2377"]
[BlackElo "2306"]
[Annotator "RC"]
[PlyCount "194"]
[EventDate "2023.11.17"]
[EventType "tourn"]
[EventCountry "USA"]
[SourceTitle "playchess.com"]
[Source "ChessBase"]
[SourceQuality "1"]
[TimeControl "5400+30"]

1. d4 c5 2. d5 e5 3. c4 d6 4. Nc3 Be7 5. Nf3 Nf6 6. e4 O-O 7. h3 Na6 8. g4 Nc7 9. Bd3 a6 10. a4 Bd7 11. Be3 Rb8 12. Qe2 Nfe8 13. Rg1 g6 14. Bh6 Ng7 15. h4 Qc8 16. Ng5 b5 17. f3 bxa4 18. Nxa4 Qb7 19. Rg2 Bxa4 20. Rxa4 Qb3 21. Ra3 Qb4+ 22. Kf1 Rb7 23. h5 Rfb8 24. hxg6 fxg6 25. Qe3 Rf8 26. Kg1 a5 27. Rf2 Bxg5 28. Bxg5 Nce8 29. Kg2 Rbf7 30. Qd2 Nf6 31. Qxb4 axb4 32. Ra6 Nge8 33. Be3 Kg7 34. Bc2 h6 35. Ba4 g5 36. Kf1 Re7 37. Ke2 Rff7 38. Kd3 Ra7 39. Rxa7 Rxa7 40. Bc6 Nc7 41. Rf1 Ng8 42. b3 Ne7 43. Ba4 Ng6 44. Ke2 Na8 45. Ra1 Nb6 46. Bc1 Nh4 47. Bb2 Rf7 48. Rf1 Nc8 49. Be8 Re7 50. Bh5 Ra7 51. Ra1 Rxa1 52. Bxa1 Kf8 53. Kf2 Ne7 54. Bb2 Nhg6 55. Bxg6 Nxg6 56. Bc1 Kf7 57. Bd2 Kf6 58. Bc1 Nh8 59. Ke2 Nf7 60. Kd3 Kg6 61. Be3 Nd8 62. Bf2 Nf7 63. Ke3 h5 64. gxh5+ Kxh5 65. Bg3 Nh8 66. Kf2 Ng6 67. Ke3 Nh8 68. Kf2 Nf7 69. Ke3 Nd8 70. Kd3 Nb7 71. Kd2 Na5 72. Kc2 Nb7 73. Kd3 Nd8 74. Ke3 Kg6 75. Kd3 Nf7 76. Ke3 Kf6 77. Ke2 Nh8 78. Ke3 Ng6 79. Ke2 Kg7 80. Kf2 Kh6 81. Ke2 Kh5 82. Ke3 Nf8 83. Ke2 Nh7 84. Kf2 Nf6 85. Ke3 Kg6 86. Bh2 Ng8 87. Bg3 Nh6 88. Bh2 Nf7 89. Bg3 Kh5 90. Kf2 Nd8 91. Ke3 Nb7 92. Kd3 Nd8 93. Ke3 Nf7 94. Kf2 Nh8 95. Ke2 Ng6 96. Ke3 Kh6 97. Kd3 Nf8 1/2-1/2

[Event "Charlotte Fall IM-C 2023"]
[Site "Charlotte"]
[Date "2023.11.19"]
[Round "5.1"]
[White "Fierro Baquero, Martha L."]
[Black "Vemparala, Nikash"]
[Result "1/2-1/2"]
[ECO "C84"]
[WhiteElo "2306"]
[BlackElo "2257"]
[Annotator "RC"]
[PlyCount "21"]
[EventDate "2023.11.17"]
[EventType "tourn"]
[EventCountry "USA"]
[SourceTitle "playchess.com"]
[Source "ChessBase"]
[SourceQuality "1"]
[TimeControl "5400+30"]

1. e4 e5 2. Nf3 Nc6 3. Bb5 Nf6 4. d4 exd4 5. O-O Be7 6. Re1 O-O 7. e5 Nd5 8. c3 a6 9. Ba4 Nb6 10. Nxd4 Nxa4 11. Nxc6 1/2-1/2

[Event "Charlotte Fall IM-C 2023"]
[Site "Charlotte"]
[Date "2023.11.19"]
[Round "5.2"]
[White "Graif, William"]
[Black "Wang, Isaac"]
[Result "1/2-1/2"]
[ECO "B22"]
[WhiteElo "2289"]
[BlackElo "2377"]
[Annotator "RC"]
[PlyCount "59"]
[EventDate "2023.11.17"]
[EventType "tourn"]
[EventCountry "USA"]
[SourceTitle "playchess.com"]
[Source "ChessBase"]
[SourceQuality "1"]
[TimeControl "5400+30"]

1. e4 c5 2. c3 Nf6 3. e5 Nd5 4. d4 cxd4 5. Nf3 Nc6 6. Bc4 Nb6 7. Bb3 d6 8. exd6 Qxd6 9. O-O Bf5 10. Nxd4 Nxd4 11. cxd4 e6 12. Nc3 Be7 13. Qf3 O-O 14. d5 Qd7 15. Bf4 exd5 16. Nxd5 Nxd5 17. Bxd5 Bg4 18. Qb3 Be6 19. Rad1 Bxd5 20. Rxd5 Qc6 21. Rc1 Qf6 22. g3 b6 23. Rc7 Bc5 24. Rdd7 a5 25. Qc3 Qf5 26. Qd3 Qe6 27. Be3 Bxe3 28. Qxe3 Qxa2 29. Qxb6 Qb1+ 30. Kg2 1/2-1/2